 Dungeon Crawl Stone Soup version 0.24-a0-375-g4de66ed42b (webtiles) character file.

Game seed: 15305796587561078855

23 Laiders72 the Skirmisher (level 3, -1/33 HPs)
             Began as a Hill Orc Fighter on May 31, 2019.
             Slain by an adder (2 damage)
             ... on level 2 of the Dungeon.
             The game lasted 00:03:21 (734 turns).

Laiders72 the Skirmisher (Hill Orc Fighter)          Turns: 734, Time: 00:03:22

Health: -1/33      AC:  6    Str: 19    XL:     3   Next: 0%
Magic:  3/3        EV:  7    Int:  8    God:
Gold:   80         SH:  9    Dex: 10    Spells: 2/2 levels left

rFire    . . .     SeeInvis .   a - +0 war axe
rCold    . . .     Gourm    .   c - +0 shield
rNeg     . . .     Faith    .   b - +0 scale mail
rPois    .         Spirit   .   (no helmet)
rElec    .         Reflect  .   (no cloak)
rCorr    .         Harm     .   (no gloves)
MR       .....                  (no boots)
Stlth    ..........             (no amulet)
HPRegen  0.11/turn              (no ring)
MPRegen  0.08/turn              (no ring)

@: no status effects
A: no striking features
a: no special abilities


You were on level 2 of the Dungeon.
You were not hungry.

You visited 1 branch of the dungeon, and saw 2 of its levels.

You collected 80 gold pieces.

Inventory:

Hand Weapons
 a - a +0 war axe (weapon)
Armour
 b - a +0 scale mail (worn)
 c - a +0 shield (worn)
Scrolls
 e - a scroll of teleportation {unknown}
 g - a scroll of blinking {unknown}
 h - 2 scrolls of identify {unknown}
 i - a scroll of remove curse {unknown}
Potions
 d - a potion of might
Comestibles
 f - 2 rations


   Skills:
 + Level 4.0 Fighting
 + Level 3.2 Axes
 + Level 3.6 Armour
 + Level 3.6 Shields


You had 2 spell levels left.
You didn't know any spells.
Your spell library was empty.

Dungeon Overview and Level Annotations

Branches:
Dungeon (2/15)

Altars:


Message History

An adder comes into view.
The adder hisses angrily.
The bat hits you but does no damage.
The adder moves out of view.
You block the bat's attack.
* * * LOW HITPOINT WARNING * * *
You feel sick. You block the bat's attack. The bat hits you but does no damage.
You block the bat's attack.
Found an embroidered robe.
* * * LOW HITPOINT WARNING * * *
You feel sick. The bat hits you but does no damage. You block the bat's attack.
The bat barely misses you. You block the bat's attack.
You block the bat's attack.
* * * LOW HITPOINT WARNING * * *
You feel sick.
You are no longer poisoned.
The bat closely misses you. You block the bat's attack. The adder bites you.
You die...

# #.........#...#
#.........#...#
#.........#...###...
#.........#......[..
#....##..##..####...
####.........# .
####..##..#
#..##Sb###.##. #
#.@....... ####
##.####### .... ...
#### ...## ###.# #.#
..# #.#


You could see an adder and a bat.

Vanquished Creatures
  An adder (D:2)
  A goblin (D:1)
  2 hobgoblins (D:2)
  A kobold (D:1)
  4 bats
  A frilled lizard (D:1)
  6 rats
16 creatures vanquished.

Notes
Turn   | Place    | Note
-------+----------+-------------------------------------------
     0 | D:1      | Laiders72 the Hill Orc Fighter began the quest for the Orb.
     0 | D:1      | Reached XP level 1. HP: 19/19 MP: 1/1
   230 | D:1      | Reached XP level 2. HP: 26/27 MP: 2/2
   710 | D:2      | Reached skill level 4 in Fighting
   716 | D:2      | Reached XP level 3. HP: 5/33 MP: 3/3
   733 | D:2      | HP: 1/33 [poisoned by an adder]
   734 | D:2      | Slain by an adder

Levels and vault maps discovered:
D:1:      scummos_arrival_simple_fountains, layout_basic, serial_bayou,
          serial_bayou_ford_a, serial_bayou_shore_a, serial_bayou_pond_e,
          serial_bayou_pond_d, serial_bayou_pond_c, serial_bayou_pond_e
D:2:      layout_basic, first_ration, minmay_hedge_maze, uniq_terence

Skill      XL: |  1  2 |
---------------+-------+-----
Axes           | 3 |  3.2
Fighting       | 4 |  4.0
Armour         | |  3.6
Shields        | |  3.6

Action                   || total
-------------------------++-------
Melee: War axe           ||    63
Armor: Scale mail        ||    52
Dodge: Dodged            ||    28
Block: Shield            ||    55

Table legend:
 A = Non-vault XP
 B = Vault XP
 C = Vault XP percentage of total XP
 D = Non-vault monster count
 E = Vault monster count
 F = Vault count percentage of total count
                 A         B        C        D         E       F
            +---------+---------+-------+---------+---------+-------
      Total |      34 |       0 |   0.0 |      16 |       0 |   0.0
            +---------+---------+-------+---------+---------+-------
        D:1 |      13 |       0 |   0.0 |      10 |       0 |   0.0
        D:2 |      21 |       0 |   0.0 |       6 |       0 |   0.0
            +---------+---------+-------+---------+---------+-------
